 Dungeon Crawl Stone Soup version 0.32-a0-558-g233958a4c4 (webtiles) character file.

Game seed: 13511189900382151969

2278554 Sergey the Ex Machina (level 27, 227/227 HPs)
             Began as a Coglin Artificer on Feb 27, 2024.
             Was the Champion of Yredelemnul.
             Escaped with the Orb
             ... and 4 runes on Mar 1, 2024!
             The game lasted 02:47:39 (73288 turns).

Sergey the Ex Machina (Coglin Artificer)           Turns: 73288, Time: 02:47:40

Health: 227/227    AC: 24    Str: 16    XL:     27
Magic:  37/37      EV: 31    Int: 15    God:    Yredelemnul [******]
Gold:   2415       SH:  0    Dex: 29    Spells: 35/47 levels left

rFire   + + +        K - +9 demon blade (drain) {Dagmar}
rCold   + + +        n - +9 scimitar (protect) {Jingyi}
rNeg    + + .        h - +4 ring mail of Twilight {rN++ rCorr}
rPois   +            O - +0 helmet of the Sun {rElec rPois rF+ Int+3}
rElec   +            L - +1 cloak of Stoicism {rC+ Dex+2}
rCorr   +            x - +2 pair of gloves {Str+3}
SInv    .            j - +3 pair of mountain boots {steadfast, rC+}
Will    ++++.        (amulet unavailable)
Stlth   ++           (ring unavailable)
HPRegen 0.57/turn    (ring unavailable)
MPRegen 0.25/turn    m - turbomatrix N-10 {rF+ Will+ Regen+ RegenMP+}

%: no passive effects
@: wreathed by umbra, studying 2 skills
A: cold resistance 1, fire resistance 1, off-hand wielding, slow wielding,
warmup strikes, no jewelry, strong-willed 1, no potion heal 1
0: Orb of Zot
}: 4/15 runes: serpentine, barnacled, slimy, silver
a: Renounce Religion, Light the Black Torch, Recall Undead Harvest, Hurl
Torchlight, Bind Soul, Fathomless Shackles


You escaped.
You worshipped Yredelemnul.
Yredelemnul was pleased with you.
You visited 11 branches of the dungeon, and saw 53 of its levels.
You visited 2 bazaars.
You also visited: Bailey and Gauntlet.

You collected 6908 gold pieces.
You spent 4493 gold pieces at shops.

Inventory:

Hand Weapons
 n - a +9 scimitar of protection (offhand) {Jingyi}
 K - a +9 demon blade of draining (weapon) {Dagmar}
 Q - a +3 scimitar of flaming {Kulveer}
Missiles
 B - 81 boomerangs
 M - 7 curare-tipped darts
 T - 2 throwing nets
Armour
 e - a +1 robe of willpower
 h - the +4 ring mail of Twilight (worn) {rN++ rCorr}
   (You bought it in a shop on level 2 of the Orcish Mines)

   rN++:      It greatly protects you from negative energy.
   rCorr:     It protects you from acid and corrosion.
 j - the +3 pair of mountain boots (worn) {steadfast, rC+}
   (You bought it in a shop in a bazaar)

   Steadfast: It prevents involuntary movement, except for blinking,
   teleportation, or banishment.
   rC+:       It protects you from cold.
 s - a +0 cloak of poison resistance
 x - a +2 pair of gloves of strength (worn)
 E - a +2 cloak
 L - the +1 cloak of Stoicism (worn) {rC+ Dex+2}
   (You found it on level 2 of the Depths)

   Dex+2:     It affects your dexterity (+2).
   rC+:       It protects you from cold.
 O - the +0 helmet of the Sun (worn) {rElec rPois rF+ Int+3}
   (You found it on level 3 of the Shoals)

   Int+3:     It affects your intelligence (+3).
   rF+:       It protects you from fire.
   rElec:     It insulates you from electricity.
   rPois:     It protects you from poison
Gizmo
 m - a turbomatrix N-10 (installed) {rF+ Will+ Regen+ RegenMP+}
   (You invented it yourself on level 2 of the Vaults)

   [turbomatrix N-10]

   rF+:       It protects you from fire.
   Will+:     It increases your willpower.
   Regen+:    It increases your rate of health regeneration.
   RegenMP+:  It increases your rate of magic regeneration.
Wands
 c - a wand of quicksilver (4)
 i - a wand of roots (24)
 r - a wand of polymorph (35)
 t - a wand of flame (7)
 v - a wand of digging (7)
 D - a wand of paralysis (25)
 F - a wand of mindburst (9)
Scrolls
 b - 4 scrolls of immolation
 d - 3 scrolls of revelation {@r5}
 g - 4 scrolls of brand weapon
 o - 11 scrolls of teleportation {@r3}
 p - 10 scrolls of blinking {@r4}
 I - 2 scrolls of fear
 J - 4 scrolls of silence {!r}
 N - 7 scrolls of vulnerability {!r}
 W - 9 scrolls of fog {@r2}
 X - a scroll of poison
 Y - 2 scrolls of enchant armour
Potions
 a - 8 potions of heal wounds {@q1}
 f - 6 potions of enlightenment
 k - 3 potions of haste {@q5}
 l - 6 potions of might {@q3}
 q - 22 potions of mutation
 w - 3 potions of magic
 y - 10 potions of lignification
 z - 7 potions of berserk rage
 A - 6 potions of brilliance
 H - 4 potions of cancellation
 P - 13 potions of curing {@q2}
 S - 6 potions of attraction
 U - 7 potions of invisibility
 Z - a potion of resistance
Miscellaneous
 u - a phial of floods
 C - a box of beasts
 R - a lightning rod (4/4)
 V - a condenser vane (inert)


   Skills:
 + Level 20.8 Fighting
 - Level 4.0(13.1) Short Blades
 + Level 20.7(20.8) Long Blades
 - Level 2.0 Throwing
 - Level 14.0 Armour
 + Level 20.7 Dodging
 + Level 6.3 Stealth
 + Level 10.5 Spellcasting
 - Level 10.0 Necromancy
 - Level 12.0 Translocations
 + Level 13.0 Invocations
 O Level 27 Evocations


You had 35 spell levels left.
You knew the following spells:

 Your Spells              Type           Power      Damage    Failure   Level
j - Apportation           Tloc           88%        N/A       1%          1
l - Passage of Golubria   Tloc           44%        N/A       1%          4
p - Manifold Assault      Tloc           44%        N/A       1%          4
x - Fugue of the Fallen   Necr           37%        N/A       1%          3

Your spell library contained the following spells:

 Spells                   Type           Power      Damage    Failure   Level
 Kiss of Death            Conj/Necr      88%        2d12      1%          1
 Necrotise                Necr           100%       1d9       1%          1
 Blink                    Tloc           88%        N/A       1%          2
 Lesser Beckoning         Tloc           88%        N/A       1%          2
 Momentum Strike          Conj/Tloc      50%        3d9       1%          2
 Gell's Gravitas          Tloc           44%        N/A       1%          3
 Teleport Other           Tloc           44%        N/A       1%          3
 Vampiric Draining        Necr           37%        2d8       1%          3
 Dispel Undead            Necr           37%        3d15      2%          4
 Volatile Blastmotes      Fire/Tloc      50%        2d14      3%          3
 Cigotuvi's Dreadful Rot  Necr/Alch/Air  34%        N/A       5%          2
 Dimensional Bullseye     Hex/Tloc       12%        N/A       12%         4
 Iskenderun's Mystic Bla  Conj/Tloc      25%        2d7       12%         4
 Vhi's Electric Charge    Tloc/Air       50%        N/A       12%         4
 Foxfire                  Conj/Fire      28%        2x1d5     14%         1
 Freeze                   Ice            28%        1d5       14%         1
 Magic Dart               Conj           28%        1d4       14%         1
 Sandblast                Erth           14%        2d6       14%         1
 Shock                    Conj/Air       28%        1d4       14%         1
 Slow                     Hex            28%        N/A       14%         1
 Sting                    Conj/Alch      28%        1d4       14%         1
 Summon Small Mammal      Summ           28%        N/A       14%         1
 Anguish                  Hex/Necr       11%        N/A       19%         4
 Ensorcelled Hibernation  Hex/Ice        14%        N/A       22%         2
 Jinxbite                 Hex            14%        N/A       22%         2
 Mercury Vapours          Alch/Air       14%        N/A       22%         2
 Static Discharge         Conj/Air       14%        3-4/arc   22%         2
 Summon Forest            Summ/Tloc      12%        N/A       34%         5
 Call Canine Familiar     Summ           7%         N/A       41%         3
 Confusing Touch          Hex            7%         N/A       41%         3
 Dazzling Flash           Conj/Hex       14%        N/A       41%         3
 Frozen Ramparts          Ice            14%        1d3       41%         3
 Hailstorm                Conj/Ice       7%         3d5       41%         3
 Inner Flame              Hex/Fire       7%         N/A       41%         3
 Ozocubu's Armour         Ice            7%         N/A       41%         3
 Passwall                 Erth           7%         N/A       41%         3
 Sigil of Binding         Hex            7%         N/A       41%         3
 Stone Arrow              Conj/Erth      14%        3d7       41%         3
 Summon Ice Beast         Ice/Summ       7%         N/A       41%         3
 Swiftness                Air            7%         N/A       41%         3
 Tukima's Dance           Hex            7%         N/A       41%         3
 Borgnjor's Vile Clutch   Necr/Erth      11%        N/A       45%         5
 Airstrike                Air            3%         2d(1-17)  82%         4
 Animate Armour           Summ/Erth      14%        N/A       82%         4
 Brom's Barrelling Bould  Conj/Erth      7%         2d3       82%         4
 Cause Fear               Hex            3%         N/A       82%         4
 Fulminant Prism          Conj/Alch      3%         3d5       82%         4
 Ignite Poison            Fire/Alch      7%         N/A       82%         4
 Olgreb's Toxic Radiance  Alch           7%         N/A       82%         4
 Sticky Flame             Fire/Alch      7%         2d4       82%         4
 Summon Blazeheart Golem  Fire/Summ      7%         N/A       82%         4
 Summon Lightning Spire   Summ/Air       7%         N/A       82%         4
 Alistair's Intoxication  Alch           4%         N/A       99%         5
 Arcjolt                  Conj/Air       3%         1d13      99%         5
 Fireball                 Conj/Fire      3%         3d4       99%         5
 Freezing Cloud           Conj/Ice/Air   3%         6-21      99%         5
 Irradiate                Conj/Alch      3%         3d12      99%         5
 Metabolic Englaciation   Hex/Ice        3%         N/A       99%         5
 Silence                  Hex/Air        3%         N/A       99%         5
 Summon Mana Viper        Hex/Summ       7%         N/A       99%         5
 Yara's Violent Unravell  Hex/Alch       3%         3d4       99%         5
 Sculpt Simulacrum        Ice/Alch       3%         N/A       100%        6
 Summon Cactus Giant      Summ           3%         N/A       100%        6
 Enfeeble                 Hex            3%         N/A       100%        7
 Haunt                    Necr/Summ      11%        N/A       100%        7
 Orb of Destruction       Conj           3%         9d5       100%        7
 Ozocubu's Refrigeration  Ice            3%         4d8       100%        7
 Spellforged Servitor     Conj/Summ      3%         N/A       100%        7
 Discord                  Hex            3%         N/A       100%        8
 Ignition                 Fire           3%         3d4       100%        8
 Infestation              Necr           18%        N/A       100%        8
 Lehudib's Crystal Spear  Conj/Erth      3%         10d3      100%        8
 Chain Lightning          Conj/Air       3%         3d4       100%        9
 Death's Door             Necr           18%        N/A       100%        9
 Fire Storm               Conj/Fire      3%         8d1       100%        9
 Shatter                  Erth           3%         3d7*      100%        9
 Animate Dead             Necr           Unusable   N/A       N/A         4
 Death Channel            Necr           Unusable   N/A       N/A         6

Dungeon Overview and Level Annotations

Branches:
Dungeon (15/15)            Temple (1/1) D:5            Lair (5/5) D:9
 Shoals (4/4) Lair:2        Snake (4/4) Lair:2        Slime (5/5) Lair:4
    Orc (2/2) D:11            Elf (3/3) Orc:2        Vaults (5/5) D:14
  Crypt (0/3) Vaults:3     Depths (4/4) D:15            Zot (5/5) Depths:4
 Bailey (visited)         Gauntlet (visited)

Altars:
Ashenzari
Cheibriados
Dithmenos
Elyvilon
Fedhas
Gozag
Hepliaklqana
Kikubaaqudgha
Makhleb
Nemelex Xobeh
Okawaru
Qazlal
Ru
Sif Muna
Trog
Uskayaw
Vehumet
Wu Jian
Xom
Yredelemnul
Zin
The Shining One
Beogh
Jiyva

Shops:
D:3 [   D:12 [   D:13 [   Orc:1 *   Orc:2 ?[:?   Elf:2 :(=   Elf:3 ((:
Snake:1 :   Snake:2 =::   Vaults:2 :   Vaults:3 *   Vaults:4 (

Portals:
Hell: Depths:1 Depths:2 Depths:3 Depths:4
Abyss: Depths:3
Pandemonium: Depths:1 Depths:2
Ziggurat: Depths:3

Annotations:
D:4 1 runed translucent door, Skimidon's ghost, amateur DgHu
D:7 exclusion: downstairs
D:9 5 exclusions
Lair:4 1 runed translucent door, Bigboy123's ghost, journeyman MiBe
Shoals:1 Roxanne
Shoals:4 Mara
Snake:1 Azrael
Snake:3 exclusions: downstairs and 7 more exclusions
Depths:3 exclusion: downstairs
Zot:4 1 transporter


Innate Abilities, Weirdness & Mutations

Your flesh is cold resistant. (rC+)
Your flesh is heat resistant. (rF+)
You can wield a second weapon in your off-hand.
It takes a long time for you to wield or remove held weapons.
Your first few attacks do less damage.
You cannot equip rings or amulets.
You are strong-willed. (Will+)
Potions are less effective at restoring your health.


Message History

Things that are here:
a +0 hand axe; a +1 halberd of freezing; a +0 robe You see here a +0 whip.
HP restored.
A great orb of eyes comes into view.
Space momentarily warps into an impossible shape!
You open the great orb of eyes like a pillowcase with your +9 scimitar of protection!!!
Your weapon exudes an aura of protection.
You slice the great orb of eyes with your +9 demon blade of draining!!
You drain the great orb of eyes.
Space momentarily warps into an impossible shape!
You slice the great orb of eyes with your +9 demon blade of draining!!
You kill the great orb of eyes!
The dead are flying!
There is a stone staircase leading up here.
You climb upwards.
Your mindless puppet stays behind to rot.
There is a stone staircase leading down here.
There is a stone staircase leading up here.
You climb upwards.
There is a stone staircase leading down here.
There is a stone staircase leading up here.
You climb upwards.
Level annotation: 1 runed translucent door, Skimidon's ghost, amateur DgHu
There is a stone staircase leading down here.
A hellion comes into view.
The hellion moves out of view.
There is a stone staircase leading up here.
You climb upwards.
There is a stone staircase leading down here.
There is a stone staircase leading up here.
You climb upwards.
There is a stone staircase leading down here.
There is a stone staircase leading up here.
You climb upwards.
There is a stone staircase leading down here.
Magic restored.
There is an open door here.
There is a staircase leading out of the dungeon here.
You have escaped!

#.#.....###.....##
############........
##.....## #......#.
###.......## #.#....#.
#'.........## #.##.#.#.
##...........###.####.#.
#.............#'.# #.#.
####..............#### #.#.
#.........@..........###.#.
#.##..............##.......
#..#.............##.#.####.
##.##...........###.#.# ##
#.##'.........## #.#.# ##)
#.####.......'# #.#.###.#
#....##.....### #.#.##.##
####.######## #.....### #.#
##....#..


There were no monsters in sight!

Vanquished Creatures
  the Royal Jelly (Slime:5)
  2 dread liches (Zot:5)
  6 orbs of fire
  An ancient lich (Zot:5)
  A juggernaut (Depths:4)
  Josephina (Depths:4)
  The ghost of Afra the Sorcerer, a veteran FoHs of Okawaru (Depths:2)
  7 Killer Klowns
  Saint Roka (Snake:2)
  Bai Suzhen (Elf:3)
  3 curse toes
  Vashnia (Snake:4)
  Nikola (Vaults:2)
  12 golden dragons
  A bone dragon (Zot:3)
  5 electric golems
  Rupert (D:15)
  A hellephant (Vaults:2)
  2 Hell Sentinels
  16 tentacled monstrosities
  23 Orb Guardians
  Zenata (Vaults:4)
  A lich (Vaults:5)
  A deep elf blademaster (Elf:2)
  4 titans (Vaults:5)
  14 acid blobs
  4 quicksilver dragons
  3 sphinxes
  A kraken (Shoals:2)
  5 death cobs
  5 tengu reavers
  10 shadow dragons
  11 storm dragons
  Aizul (Snake:1)
  10 azure jellies
  A daeva (Depths:3)
  12 nagarajas
  7 frost giants
  4 protean progenitors
  13 draconian monks
  5 rockslimes
  2 balrugs
  2 fire giants
  3 deep elf sorcerers
  An iron dragon (Vaults:5)
  14 vault wardens
  3 ghost moths
  Louise (Snake:4)
  A draconian knight (Zot:4)
  4 draconian shifters
  2 curse skulls (Zot:3)
  An orc warlord (Elf:1)
  3 deep elf elementalists
  3 draconian stormcallers
  A reaper (Zot:2)
  8 draconian annihilators
  15 stone giants
  19 very ugly things
  2 angels
  9 quicksilver oozes (Slime:5)
  4 spriggan defenders
  A cacodemon (Depths:2)
  6 formless jellyfish
  12 ironbound preservers
  4 ironbound thunderhulks
  A vampire knight (Depths:3)
  2 deep elf demonologists
  8 green draconians
  6 deep elf death magi
  19 red draconians
  12 spark wasps
  5 deep elf annihilators
  13 purple draconians
  9 white draconians
  10 dire elephants
  13 black draconians
  6 yellow draconians
  2 war gargoyles (Vaults:5)
  3 merfolk javelineers
  9 merfolk impalers
  6 fire dragons
  9 ettins
  8 yaktaur captains
  2 entropy weavers
  A spriggan zombie (Depths:4)
  4 deep elf high priests
  A rakshasa (Depths:4)
  3 hydras
  8 great orbs of eyes
  A hell beast (Depths:3)
  2 Orb Guardian zombies (Zot:5)
  27 vault guards
  6 ogre magi
  9 ice dragons
  17 centaur warriors
  11 anacondas
  2 merfolk avatars
  5 spriggan air magi
  6 boulder beetles
  4 ironbound frosthearts
  Erica (D:8)
  5 deep troll earth magi
  7 two-headed ogres
  4 death yaks
  2 merfolk aquamancers (Shoals:4)
  2 satyrs (Shoals:3)
  4 hell hogs
  20 dancing weapons
  7 tengu warriors
  4 deep troll shamans
  A shock serpent (shapeshifter) (Vaults:5)
  4 spriggan berserkers
  A demonic crawler (Zot:1)
  A shock serpent (Snake:3)
  A vampire mage (Depths:1)
  An occultist (Depths:1)
  3 soul eaters
  2 orc high priests (Elf:1)
  5 sun demons
  A storm dragon zombie (Depths:3)
  21 hell knights
  12 naga sharpshooters
  12 deep elf knights
  7 naga warriors
  2 spriggans (Depths:2)
  A death drake (shapeshifter) (Depths:1)
  3 salamander mystics
  A fire crab (Gauntlet)
  4 iron trolls
  7 sea snakes
  A shadow wraith (Vaults:5)
  6 skysharks
  Amaemon (D:8)
  A death drake (Depths:4)
  6 mana vipers
  A golden dragon zombie (Depths:3)
  8 glowing orange brains
  A shadow dragon zombie (Depths:3)
  A spriggan rider (Depths:4)
  35 deep trolls
  2 phantasmal warriors (Vaults:5)
  An orb spider (shapeshifter) (Depths:2)
  13 deep elf archers
  4 arcanists
  2 naga ritualists
  3 thermic dynamos
  13 ironbound convokers
  An orange crystal statue (Zot:5)
  17 harpies
  3 necromancers
  12 orc knights
  9 lindwurms
  A harpy (shapeshifter) (Depths:4)
  An eye of devastation (shapeshifter) (Depths:2)
  17 deep elf zephyrmancers
  16 deep elf pyromancers
  6 cyclopes
  A fire giant zombie (Depths:3)
  8 shining eyes (Zot:3)
  2 wolf spiders (Zot:2)
  8 manticores
  A faun (shapeshifter) (Depths:2)
  23 ugly things
  3 elephants
  A shining eye (shapeshifter) (Depths:2)
  8 orc sorcerers
  9 salamanders
  3 merfolk sirens
  A spectral merfolk (Shoals:4)
  5 fauns
  4 water nymphs
  14 moths of wrath
  22 black mambas
  16 vault sentinels
  6 naga magi
  4 guardian serpents (Snake:4)
  2 rust devils
  6 torpor snails
  A storm dragon simulacrum (Depths:4)
  A titan simulacrum (Depths:4)
  2 eyes of devastation (Slime:5)
  3 smoke demons (Depths:3)
  Jeremiah (D:7)
  3 cane toads
  25 yaktaurs
  A white draconian zombie (Zot:1)
  A cane toad (shapeshifter) (Depths:2)
  An efreet (D:15)
  3 kobold demonologists (D:13)
  An orange demon (D:8)
  4 naga zombies (Snake:4)
  5 komodo dragons
  A yellow draconian zombie (Zot:1)
  5 rime drakes
  3 freezing wraiths
  An unseen horror (shapeshifter) (Depths:2)
  2 tengu conjurers
  A green draconian zombie (Zot:1)
  2 golden dragon simulacra
  9 trolls
  20 merfolk
  A polar bear (shapeshifter) (Elf:3)
  8 polar bears (Lair:5)
  3 wind drakes
  A tarantella (shapeshifter) (Depths:2)
  A tarantella (Vaults:3)
  6 hornets
  A merfolk (shapeshifter) (Vaults:5)
  3 snapping turtles (Shoals:4)
  A tengu simulacrum (Depths:4)
  A glass eye (shapeshifter) (Vaults:5)
  A raiju (Lair:5)
  A raiju (shapeshifter) (Depths:2)
  3 tyrant leeches (Lair:5)
  2 glass eyes
  A dream sheep (shapeshifter) (Vaults:5)
  A dream sheep (Shoals:2)
  13 blink frogs
  A culicivora (Vaults:3)
  2 air elementals
  39 slime creatures
  A culicivora (shapeshifter) (Elf:3)
  6 wyverns
  4 basilisks
  2 wraiths
  2 fire elementals
  A ynoxinul (D:15)
  9 hogs
  35 yaks
  Eustachio (D:5)
  9 golden eyes
  7 water elementals
  A warg (shapeshifter) (Elf:2)
  5 wargs
  4 fire bats (Gauntlet)
  3 steam dragons
  2 humans (shapeshifter) (Depths:2)
  A golden eye (shapeshifter) (Depths:2)
  5 vampire mosquitoes
  21 nagas
  An acid dragon (shapeshifter) (D:14)
  14 water moccasins
  3 acid dragons
  14 hell hounds
  A water moccasin (shapeshifter) (Depths:2)
  32 orc warriors
  A sky beast (D:8)
  11 black bears
  9 ogres
  26 wolves
  16 centaurs
  A phantom (D:5)
  3 kobold brigands
  3 bullfrogs
  2 gnoll sergeants
  5 earth elementals
  A glowing shapeshifter simulacrum (Depths:4)
  3 wights (D:9)
  13 killer bees
  3 vampire bats (Bailey)
  5 howler monkeys
  2 wolf zombies (Bailey)
  2 electric eels (D:15)
  2 lava snakes (Lair:1)
  2 bombardier beetles
  6 hounds
  7 jellies
  A gnoll bouda (D:7)
  16 orc priests
  6 iguanas
  2 sleepcaps (D:5)
  39 orc wizards
  5 hell rats (Lair:2)
  2 adders
  9 gnolls
  2 shadow imps
  2 white imps (Gauntlet)
  4 ufetubi
  An iguana zombie (D:5)
  5 dart slugs
  54 orcs
  6 endoplasms
  A giant cockroach (D:4)
  9 goblins
  7 hobgoblins
  3 jackals
  2 quokkas
  4 ball pythons (D:1)
  2 bats
  4 frilled lizards
  18 kobolds
  19 orc zombies (Bailey)
  5 rats
  A spectral ufetubus (D:5)
  A spectral weapon (Zot:4)
  4 tentacles (Shoals:2)
1774 creatures vanquished.

Vanquished Creatures (collateral kills)
  An orb of fire (Zot:5)
  Margery (Vaults:2)
  A curse toe (Zot:5)
  2 caustic shrikes (Depths:1)
  4 Orb Guardians (Zot:5)
  2 deep elf master archers (Elf:3)
  3 tentacled monstrosities
  A titan (Vaults:5)
  The ghost of Konar the Severer, an adept AtBe of Trog (Shoals:3)
  A deep elf blademaster (Elf:3)
  A quicksilver dragon (Depths:4)
  An acid blob (Slime:5)
  2 death cobs
  2 sphinxes
  3 tengu reavers
  2 storm dragons (Zot:3)
  3 azure jellies
  A draconian knight (Zot:3)
  2 rockslimes
  A protean progenitor (Zot:3)
  3 nagarajas
  3 deep elf sorcerers
  A draconian monk (Zot:5)
  5 vault wardens
  2 fire giants
  An iron dragon (Depths:3)
  A daeva (Depths:3)
  A deep elf elementalist (Elf:3)
  A frost giant (Shoals:4)
  A cacodemon (Depths:2)
  2 draconian annihilators (Depths:4)
  A ghost moth (Zot:5)
  2 formless jellyfish
  A quicksilver ooze (Slime:5)
  An ironbound thunderhulk (Vaults:4)
  7 ironbound preservers
  A spriggan defender (Depths:4)
  5 very ugly things
  2 stone giants
  3 deep elf death magi (Elf:3)
  3 green draconians
  A war gargoyle (Vaults:4)
  A yellow draconian (Zot:3)
  3 deep elf annihilators
  3 spark wasps
  3 dire elephants
  A black draconian (Zot:5)
  A minotaur (Gauntlet)
  2 deep elf demonologists (Elf:3)
  A purple draconian (Zot:1)
  A white draconian (Depths:4)
  A merfolk javelineer (Shoals:4)
  3 red draconians
  2 deep elf high priests (Elf:3)
  A fire dragon (Depths:4)
  A yaktaur captain (Vaults:5)
  2 ice dragons
  Harold (Lair:2)
  2 great orbs of eyes
  A peacekeeper (Vaults:4)
  Erolcha (D:10)
  3 ogre magi
  8 vault guards
  An ironbound frostheart (Vaults:1)
  2 salamander tyrants
  A rakshasa (Depths:1)
  4 hydras
  6 anacondas
  2 spriggan air magi (Depths:3)
  3 centaur warriors
  10 dancing weapons
  3 boulder beetles
  A satyr (Shoals:4)
  3 two-headed ogres
  2 death yaks
  A shock serpent (Snake:2)
  A deep troll earth mage (Depths:4)
  2 tengu warriors (Depths:1)
  2 naga sharpshooters (Snake:3)
  3 naga warriors
  A hell hog (Depths:3)
  6 hell knights
  A spriggan berserker (Depths:4)
  4 deep elf knights
  Nergalle (D:11)
  3 skysharks
  A glowing orange brain (shapeshifter) (Depths:2)
  3 sea snakes
  A salamander mystic (Snake:3)
  A flayed ghost (Depths:2)
  A swamp dragon (shapeshifter) (Vaults:5)
  A death drake (Depths:4)
  2 mana vipers (Snake:3)
  5 deep trolls
  A glowing orange brain (Slime:2)
  3 arcanists
  4 naga ritualists
  3 deep elf archers
  10 deep elf pyromancers
  5 ironbound convokers
  2 phantasmal warriors (Vaults:5)
  An orc knight (Vaults:5)
  A necromancer (Vaults:5)
  3 lindwurms
  A faun (shapeshifter) (Vaults:5)
  5 harpies (Shoals:1)
  4 deep elf zephyrmancers
  6 ugly things
  3 cyclopes
  3 manticores
  2 fauns (Shoals:3)
  7 salamanders
  5 elephants
  2 moths of wrath
  2 shining eyes
  6 vault sentinels
  A guardian serpent (Snake:4)
  4 cane toads
  2 naga magi
  8 black mambas
  A merfolk siren (Shoals:2)
  A gargoyle (Bailey)
  3 water nymphs
  A smoke demon (Depths:3)
  A hellion (Depths:1)
  3 rime drakes (Lair:5)
  A komodo dragon (Lair:4)
  6 yaktaurs
  5 trolls
  12 merfolk
  A tengu conjurer (D:12)
  A queen bee (Gauntlet)
  A wind drake (shapeshifter) (Elf:3)
  2 polar bears
  3 wind drakes
  4 hornets (Lair:5)
  A raiju (shapeshifter) (Depths:2)
  6 dream sheep
  4 snapping turtles
  11 blink frogs
  5 slime creatures
  An air elemental (Elf:2)
  4 wyverns (Lair:4)
  2 hogs (Shoals:3)
  A ynoxinul (Depths:1)
  2 spriggans
  4 water elementals
  14 yaks
  A warg (Lair:5)
  A fire bat (Gauntlet)
  2 golden eyes (Slime:4)
  4 fire elementals (Snake:1)
  2 vampire mosquitoes (D:12)
  2 steam dragons
  7 nagas
  3 hell hounds (Lair:5)
  2 water moccasins
  An ice beast (D:5)
  4 orc warriors
  2 black bears
  A crocodile (shapeshifter) (Depths:4)
  A sky beast (D:7)
  5 wolves
  5 ogres
  A centaur (D:10)
  A phantom (D:7)
  A bullfrog (Lair:4)
  2 killer bees
  3 electric eels (Lair:1)
  3 howler monkeys
  3 vampire bats (Bailey)
  2 wolf zombies (Bailey)
  A lava snake (Lair:1)
  2 orc priests
  4 jellies (Slime:3)
  6 orc wizards
  A white imp (D:5)
  2 ufetubi
  12 orcs
  A kobold (D:13)
  An orc zombie (Bailey)
  An aspiring flesh (Zot:2)
488 creatures vanquished.

Vanquished Creatures (others)
  A tentacled monstrosity (Depths:3)
  A juggernaut zombie (Depths:4)
  A caustic shrike zombie (Depths:1)
  2 spectral tentacled monstrosities (Zot:3)
  A Killer Klown zombie (Zot:5)
  A spectral dwarf (Snake:4)
  A spectral tengu (Depths:1)
  4 spectral humans
  2 spectral golden dragons
  5 very ugly thing zombies
  3 acid blob zombies (Slime:5)
  A quicksilver dragon zombie (Depths:4)
  6 Orb Guardian zombies (Zot:5)
  2 sphinx zombies
  3 guardian serpent zombies
  2 spectral protean progenitors (Zot:2)
  A titan zombie (Vaults:5)
  3 deep elf knights
  5 storm dragon zombies
  3 spark wasp zombies
  A ghost moth zombie (Zot:3)
  An anaconda zombie (Snake:3)
  4 golden dragon zombies
  3 shadow dragon zombies
  5 ugly thing zombies
  4 stone giant zombies
  A wolf spider zombie (Zot:2)
  A manticore (Shoals:4)
  4 formless jellyfish zombies
  4 frost giant zombies
  5 draconian zombies
  A black mamba (Snake:1)
  2 mana viper zombies (Snake:3)
  A spectral orc (Lair:5)
  3 dire elephant zombies
  A purple draconian zombie (Zot:3)
  3 black draconian zombies
  A death yak zombie (Lair:5)
  4 red draconian zombies
  An orb spider zombie (Depths:2)
  An unseen horror zombie (Depths:2)
  A yellow draconian zombie (Zot:1)
  2 green draconian zombies
  3 white draconian zombies
  3 sea snake zombies
  A spectral deep troll (Vaults:2)
  A spectral skyshark (Elf:1)
  A great orb of eyes zombie (Vaults:1)
  A hydra zombie (Lair:5)
  7 harpy zombies
  7 moth of wrath zombies
  3 boulder beetle zombies
  4 ice dragon zombies
  3 fire dragon zombies (Depths:4)
  An ettin zombie (Vaults:5)
  48 human zombies
  A satyr zombie (Shoals:3)
  4 black mamba zombies
  A wind drake zombie (Shoals:2)
  A slime creature zombie (D:14)
  A tyrant leech zombie (Lair:5)
  2 water nymph zombies (Shoals:2)
  A tengu zombie (Depths:1)
  2 faun zombies
  A fire bat zombie (Gauntlet)
  9 merfolk zombies
  5 deep troll zombies
  An entropy weaver zombie (Vaults:3)
  A manticore zombie (Shoals:4)
  4 hornet zombies
  2 spectral smoke demons (Depths:3)
  4 lindwurm zombies
  An elephant zombie (Lair:4)
  8 blink frog zombies
  40 elf zombies
  A snapping turtle zombie (Shoals:4)
  A torpor snail zombie (Snake:1)
  3 hog zombies
  A rime drake zombie (Lair:1)
  11 yaktaur zombies
  A komodo dragon zombie (Lair:4)
  10 salamander zombies
  2 wyvern zombies
  2 warg zombies
  3 water moccasin zombies (Lair:5)
  A cyclops zombie (D:15)
  3 hell hound zombies (Lair:5)
  A troll zombie (Vaults:5)
  2 polar bear zombies
  A raiju zombie (Depths:2)
  9 yak zombies
  A killer bee (D:8)
  7 spriggan zombies
  2 wolf zombies
  2 bullfrog zombies
  A black bear zombie (Lair:5)
  10 centaur zombies
  An orc priest (D:9)
  2 orc wizards
  3 killer bee zombies
  2 sky beast zombies
  A crocodile zombie (Depths:4)
  17 naga zombies
  An acid dragon zombie (D:9)
  An ice beast zombie (D:5)
  5 ogre zombies
  2 hell rat zombies (Lair:2)
  4 howler monkey zombies (D:9)
  2 gnolls (D:7)
  A steam dragon zombie (Lair:2)
  A spectral white imp (Gauntlet)
  An orc (D:9)
  A gnoll zombie (D:7)
  3 kobold zombies
  57 orc zombies
  8 tentacles (Shoals:2)
462 creatures vanquished.

Grand Total: 2724 creatures vanquished

Notes
Turn   | Place    | Note
-------+----------+-------------------------------------------
     0 | D:1      | Sergey the Coglin Artificer began the quest for the Orb.
     0 | D:1      | Reached XP level 1. HP: 15/15 MP: 1/1
    88 | D:1      | Reached skill level 1 in Stealth
   111 | D:1      | Found a faded altar of an unknown god.
   438 | D:1      | Reached XP level 2. HP: 20/21 MP: 2/2
  1678 | D:1      | Found a faded altar of an unknown god.
  2139 | D:2      | Reached XP level 3. HP: 27/27 MP: 3/3
  2684 | D:2      | Found a blossoming altar of Fedhas.
  3427 | D:3      | Reached skill level 5 in Evocations
  3575 | D:3      | Reached XP level 4. HP: 31/33 MP: 4/4
  3771 | D:3      | Found Ommipoc's Antique Armour Boutique.
  3826 | D:3      | Bought a pair of gloves for 121 gold pieces
  3980 | D:4      | Reached skill level 1 in Short Blades
  4007 | D:4      | Reached XP level 5. HP: 34/38 MP: 5/5
  4095 | D:4      | Reached skill level 6 in Evocations
  4312 | D:4      | Noticed an ogre
  4316 | D:4      | Killed an ogre
  4317 | D:4      | Reached XP level 6. HP: 47/47 MP: 6/6
  4729 | D:4      | Found a sacrificial altar of Ru.
  5040 | D:4      | Found a runed translucent door.
  5041 | D:4      | Noticed Skimidon's ghost (amateur DgHu)
  5204 | D:5      | Entered Level 5 of the Dungeon
  5205 | D:5      | Found a staircase to the Ecumenical Temple.
  5218 | Temple   | Entered the Ecumenical Temple
  5224 | Temple   | Became a worshipper of Yredelemnul the Fallen
  5352 | D:5      | Noticed an ice beast
  5361 | D:5      | Killed an ice beast
  5362 | D:5      | Reached XP level 7. HP: 35/54 MP: 7/7
  5449 | D:5      | Reached skill level 1 in Invocations
  5449 | D:5      | Reached skill level 1 in Dodging
  5765 | D:5      | Noticed Eustachio
  5781 | D:5      | Killed Eustachio
  5782 | D:5      | Reached skill level 1 in Long Blades
  6047 | D:5      | Reached XP level 8. HP: 60/60 MP: 8/8
  6333 | D:5      | Reached skill level 1 in Throwing
  6550 | D:5      | Identified the +2 leather armour of Utsuim {+Inv Int+3}
  6730 | D:6      | Found a snail-covered altar of Cheibriados.
  6734 | D:6      | Reached * piety under Yredelemnul
  7124 | D:6      | Reached skill level 5 in Long Blades
  7381 | D:6      | Found a glowing silver altar of Zin.
  7779 | D:7      | Reached skill level 7 in Evocations
  7830 | D:7      | Reached skill level 8 in Evocations
  7974 | D:7      | Reached XP level 9. HP: 50/65 MP: 9/9
  7984 | D:7      | Reached skill level 9 in Evocations
  8179 | D:7      | Found a bloodstained altar of Trog.
  8191 | D:7      | Reached ** piety under Yredelemnul
  8399 | D:7      | Noticed Jeremiah
  8599 | D:7      | Reached skill level 5 in Fighting
  8924 | D:7      | Killed Jeremiah
  9226 | D:8      | Noticed Erica
  9478 | D:8      | Reached skill level 5 in Dodging
  9562 | D:8      | Reached XP level 10. HP: 75/76 MP: 10/10
  9622 | D:8      | Noticed an orange demon
  9642 | D:8      | Found a radiant altar of Vehumet.
  9643 | D:8      | Found a shimmering altar of Xom.
  9920 | D:8      | Found an opulent altar of Gozag.
 10017 | D:9      | Noticed a two-headed ogre
 10023 | D:9      | Killed a two-headed ogre
 10038 | D:9      | Identified a scroll of acquirement
 10039 | D:9      | Acquired a manual of Long Blades
 10058 | D:9      | Noticed a two-headed ogre
 10077 | D:9      | Killed a two-headed ogre
 10077 | D:9      | Noticed a two-headed ogre
 10078 | D:9      | Reached skill level 10 in Long Blades
 10216 | D:9      | Noticed a centaur warrior
 10232 | D:9      | Killed a centaur warrior
 10305 | D:9      | Found a flagged portal.
 10314 | Bailey   | Entered a bailey
 10381 | Bailey   | Reached XP level 11. HP: 83/83 MP: 11/11
 11153 | D:9      | Noticed a two-headed ogre
 11243 | D:9      | Killed a two-headed ogre
 11301 | D:9      | Found a staircase to the Lair.
 11499 | D:10     | Entered Level 10 of the Dungeon
 11780 | D:10     | Noticed Erolcha
 11866 | D:11     | Noticed Nergalle
 11879 | D:11     | Killed Nergalle
 12079 | D:11     | Noticed a boulder beetle
 12079 | D:11     | Noticed a two-headed ogre
 12088 | D:11     | Killed a two-headed ogre
 12103 | D:11     | Killed a boulder beetle
 12485 | D:11     | Reached *** piety under Yredelemnul
 12495 | D:11     | Reached XP level 12. HP: 80/92 MP: 7/12
 12579 | D:11     | Found a staircase to the Orcish Mines.
 12662 | D:9      | Reached skill level 15 in Long Blades
 12700 | D:9      | Killed a two-headed ogre
 12865 | Lair:1   | Entered Level 1 of the Lair of Beasts
 13653 | Lair:2   | Noticed Harold
 13669 | Lair:2   | Killed Harold
 13817 | Lair:2   | Reached **** piety under Yredelemnul
 13911 | Lair:2   | Found a staircase to the Snake Pit.
 14114 | Lair:2   | Noticed a skyshark
 14132 | Lair:2   | Killed a skyshark
 14329 | Lair:2   | Found a staircase to the Shoals.
 14682 | Lair:3   | Gained mutation: Your flesh is cold resistant. (rC+)
                  | [Coglin growth]
 14682 | Lair:3   | Gained mutation: Your flesh is heat resistant. (rF+)
                  | [Coglin growth]
 14682 | Lair:3   | Reached XP level 13. HP: 100/103 MP: 16/16
 14710 | Lair:3   | Reached skill level 10 in Fighting
 14742 | Lair:3   | Identified the +1 hand cannon of the Hairy God {drain, rN++
                  | Will++ Int-5}
 14754 | Lair:3   | Reached skill level 10 in Dodging
 15346 | Lair:3   | Identified the +2 robe of Gravity {rElec rF+ Int+2 Dex+3}
 15840 | Lair:4   | Found a runed translucent door.
 15840 | Lair:4   | Found a shimmering altar of Xom.
 15840 | Lair:4   | Noticed Bigboy123's ghost (journeyman MiBe)
 15908 | Lair:4   | Reached skill level 10 in Evocations
 15918 | Lair:4   | Reached skill level 5 in Invocations
 16169 | Lair:4   | Found a viscous altar of Jiyva.
 16169 | Lair:4   | Found a staircase to the Slime Pits.
 16639 | Lair:5   | Entered Level 5 of the Lair of Beasts
 16700 | Lair:5   | Noticed Urug
 16705 | Lair:5   | Killed Urug
 16705 | Lair:5   | Bound Urug
 16728 | Lair:5   | Reached XP level 14. HP: 105/113 MP: 5/18
 16754 | Lair:5   | Reached skill level 5 in Armour
 16881 | Lair:5   | Reached skill level 11 in Evocations
 17472 | Lair:5   | Reached ***** piety under Yredelemnul
 18114 | Lair:5   | Your ally Urug died
 18172 | Lair:5   | Reached skill level 12 in Evocations
 18329 | Lair:5   | Identified the +1 robe of Virtue {rF+ Dex+3}
 19103 | D:9      | Identified the +0 ring mail of the Harp {rElec Str+4 Int+2}
 19239 | D:8      | Killed Erica
 19319 | D:8      | Noticed Amaemon
 19331 | D:8      | Killed Amaemon
 19551 | D:12     | Found a gate leading to a gauntlet.
 19562 | D:12     | Reached XP level 15. HP: 120/120 MP: 20/20
 19573 | D:12     | Reached skill level 13 in Evocations
 19586 | D:12     | Found Munwygum's Armour Boutique.
 19610 | Gauntlet | Entered a Gauntlet
 19610 | Gauntlet | Found a transporter.
 19610 | Gauntlet | Found a transporter.
 19610 | Gauntlet | Found a transporter.
 19610 | Gauntlet | Found a runed translucent gate.
 19631 | Gauntlet | Found a transporter.
 19641 | Gauntlet | Found a transporter.
 19644 | Gauntlet | Found a transporter.
 19655 | Gauntlet | Found a transporter.
 19674 | Gauntlet | Found a transporter.
 19688 | Gauntlet | Found a transporter.
 19691 | Gauntlet | Found a transporter.
 19699 | Gauntlet | Found a transporter.
 19702 | Gauntlet | Found a transporter.
 19704 | Gauntlet | Found a runed translucent gate.
 19704 | Gauntlet | Found a runed translucent gate.
 19967 | Gauntlet | Identified the +5 short sword of Fate {vamp, *Slow rPois
                  | rF+ Stlth+}
 20449 | D:12     | Got the Encyclopedia of Fate
 20752 | D:13     | Reached skill level 14 in Evocations
 20836 | D:13     | Found Suxkitesi's Antique Armour Shoppe.
 21625 | Orc:1    | Entered Level 1 of the Orcish Mines
 21728 | Orc:2    | Entered Level 2 of the Orcish Mines
 21838 | Orc:2    | Reached ****** piety under Yredelemnul
 21964 | Orc:2    | Found a staircase to the Elven Halls.
 22184 | Orc:2    | Found Esas's Magic Scroll Shop.
 22198 | Orc:2    | Reached skill level 15 in Evocations
 22239 | Orc:2    | Found Owofafui's Book Boutique.
 22258 | Orc:2    | Found an ancient bone altar of Kikubaaqudgha.
 22277 | Orc:2    | Found a roughly hewn altar of Beogh.
 22277 | Orc:2    | Found Cuplor's Magic Scroll Shop.
 22328 | Orc:2    | Found a radiant altar of Vehumet.
 22343 | Orc:2    | Found Nyqip's Antique Armour Shop.
 22345 | Orc:2    | Bought a scroll of brand weapon for 142 gold pieces
 22345 | Orc:2    | Bought a scroll of teleportation for 45 gold pieces
 22345 | Orc:2    | Bought a scroll of teleportation for 45 gold pieces
 22347 | Orc:2    | Bought a scroll of identify for 30 gold pieces
 22347 | Orc:2    | Bought a scroll of identify for 30 gold pieces
 22347 | Orc:2    | Bought a scroll of identify for 30 gold pieces
 22360 | Orc:2    | Bought a crude ring mail for 243 gold pieces
 22360 | Orc:2    | Identified the +4 ring mail of Twilight {rN++ rCorr} (You
                  | bought it in a shop on level 2 of the Orcish Mines)
 22418 | Orc:2    | Bought a scroll of enchant weapon for 112 gold pieces
 22418 | Orc:2    | Bought a scroll of teleportation for 45 gold pieces
 22418 | Orc:2    | Bought a scroll of enchant armour for 112 gold pieces
 22619 | Orc:1    | Found Xogg's Assorted Antiques.
 22785 | Orc:1    | Bought a scroll of blinking for 232 gold pieces
 22785 | Orc:1    | Bought a potion of curing for 93 gold pieces
 22785 | Orc:1    | Bought a potion of might for 124 gold pieces
 22857 | Orc:1    | Reached skill level 10 in Invocations
 22867 | Orc:1    | Got the Parchment of the Tesseract and Haze
 23341 | Snake:1  | Entered Level 1 of the Snake Pit
 23419 | Snake:1  | Identified the serpent talisman of the Valley of Death
                  | {rC++ rN+}
 23419 | Snake:1  | Noticed Aizul
 23422 | Snake:1  | Found Yllam's Tiny Tomes.
 23434 | Snake:1  | Killed Aizul
 23731 | Snake:1  | Noticed Azrael
 23736 | Snake:1  | Your ally Aizul died
 23782 | Snake:2  | Reached XP level 16. HP: 105/129 MP: 23/23
 24116 | Snake:2  | Got the Omnibus of Litharge
 24160 | Snake:2  | Found Duhua's Jewellery Shoppe.
 24161 | Snake:2  | Found Saigiozo's Book Shop.
 24161 | Snake:2  | Found Osonuuf's Book Shop.
 24332 | Snake:2  | Noticed Jorgrun
 24346 | Snake:2  | Killed Jorgrun
 24346 | Snake:2  | Bound Jorgrun
 24447 | Snake:2  | Noticed Saint Roka
 24468 | Snake:2  | Killed Saint Roka
 24761 | Snake:3  | Noticed a nagaraja
 24779 | Snake:3  | Killed a nagaraja
 24841 | Snake:3  | Found a flickering gateway to a bazaar.
 24851 | Bazaar   | Entered a bazaar
 24880 | Bazaar   | Found Byigiuh's Book Emporium.
 24895 | Bazaar   | Found Natufed's Book Shoppe.
 24954 | Bazaar   | Found Olipig's Antique Weapon Shop.
 24967 | Bazaar   | Found Alott's Assorted Antiques.
 24979 | Bazaar   | Bought 2 golden potions for 28 gold pieces
 24979 | Bazaar   | Bought a green potion for 14 gold pieces
 24979 | Bazaar   | Bought a wand of roots (5) for 192 gold pieces
 26259 | Snake:4  | Entered Level 4 of the Snake Pit
 26298 | Snake:4  | Your ally Jorgrun died
 26319 | Snake:4  | Noticed a nagaraja
 26411 | Snake:4  | Killed a nagaraja
 26470 | Snake:4  | Noticed Vashnia
 26482 | Snake:4  | Identified the +0 tower shield of Qyweota {-Tele Harm rCorr
                  | Str+6}
 26482 | Snake:4  | Noticed Louise
 26487 | Snake:4  | Killed Louise
 26490 | Snake:4  | Reached XP level 17. HP: 140/140 MP: 16/24
 26689 | Snake:4  | Reached skill level 15 in Fighting
 26769 | Snake:4  | Reached skill level 15 in Dodging
 26893 | Snake:4  | Killed Vashnia
 27417 | Snake:4  | Reached skill level 16 in Evocations
 27852 | Snake:4  | Reached skill level 17 in Evocations
 27896 | Snake:4  | Got a serpentine rune of Zot
 28322 | Shoals:1 | Entered Level 1 of the Shoals
 28465 | Shoals:1 | Reached skill level 18 in Evocations
 28472 | Shoals:1 | Reached XP level 18. HP: 148/149 MP: 25/25
 28550 | Shoals:1 | Noticed Roxanne
 29077 | Shoals:2 | Identified the +9 morningstar of Floods {holy, rF+ rN++
                  | Dex-2 Stlth+}
 29087 | Shoals:2 | Identified the ring "Ijod Bid" {rCorr Str+3}
 30392 | D:10     | Found a burning altar of Makhleb.
 30749 | D:10     | Killed Erolcha
 30927 | D:14     | Found a gate to the Vaults.
 31252 | D:14     | Found a broken altar of Ashenzari.
 31833 | D:15     | Entered Level 15 of the Dungeon
 32124 | D:15     | Noticed Rupert
 32133 | D:15     | Killed Rupert
 32478 | D:15     | Noticed Kirke
 32489 | D:15     | Killed Kirke
 32489 | D:15     | Bound Kirke
 32539 | D:15     | Found a staircase to the Depths.
 32980 | Shoals:3 | Found a runed translucent gate.
 32981 | Shoals:3 | Found a runed translucent gate.
 32983 | Shoals:3 | Found a runed translucent gate.
 32988 | Shoals:3 | Noticed Konar's ghost (adept AtBe)
 33000 | Shoals:3 | Killed Konar's ghost
 33007 | Shoals:3 | Identified the +0 helmet of the Sun {rElec rPois rF+ Int+3}
 33643 | Shoals:4 | Entered Level 4 of the Shoals
 33737 | Shoals:4 | Got a barnacled rune of Zot
 33801 | Shoals:4 | Got the Spellbook of Burning Battle Magic
 33892 | Shoals:4 | Noticed Mara
 33892 | Shoals:4 | Your ally Kirke died
 33894 | Shoals:4 | Reached XP level 19. HP: 159/159 MP: 19/27
 34567 | Vaults:1 | Entered Level 1 of the Vaults
 35619 | Vaults:1 | Upgraded the game from 0.32-a0-519-g08f29ac1c3 to
                  | 0.32-a0-558-g233958a4c4
 35671 | Vaults:2 | Found Noworiyh's Book Emporium.
 36656 | Vaults:2 | Reached XP level 20. HP: 116/170 MP: 29/29
 36923 | Vaults:2 | Noticed Margery
 36928 | Vaults:2 | Noticed a hellephant
 36939 | Vaults:2 | Noticed Nikola
 37185 | Vaults:2 | Acquired a turbomatrix N-10 {rF+ Will+ Regen+ RegenMP+}
 37334 | Vaults:2 | Killed Nikola
 37538 | Vaults:2 | Killed a hellephant
 37543 | Vaults:2 | Your ally Nikola died
 37981 | Elf:1    | Entered Level 1 of the Elven Halls
 39632 | Elf:1    | Reached skill level 1 in Translocations
 40015 | Elf:1    | Learned a level 4 spell: Manifold Assault
 40029 | Elf:1    | Noticed Norris
 40052 | Elf:1    | Killed Norris
 40052 | Elf:1    | Bound Norris
 40059 | Elf:1    | Reached skill level 1 in Spellcasting
 40373 | Elf:2    | Found Coosain's Book Boutique.
 40382 | Elf:2    | Identified the +1 demon trident of Vyfrad {freeze, rC-
                  | Will+ Dex+4}
 40386 | Elf:2    | Paralysed by an air elemental for 1 turns
 40403 | Elf:2    | Reached skill level 19 in Evocations
 40525 | Elf:2    | Found Vucezalua's Weapon Shoppe.
 40612 | Elf:2    | Found a runed translucent gate.
 40614 | Elf:2    | Found a runed translucent gate.
 40615 | Elf:2    | Found a runed translucent gate.
 40701 | Elf:2    | Found Sawumnia's Jewellery Emporium.
 40720 | Elf:2    | Paralysed by an air elemental for 1 turns
 41217 | Elf:3    | Entered Level 3 of the Elven Halls
 41293 | Elf:3    | Found Mothreg's Antique Weapon Shop.
 41321 | Elf:3    | Found a flickering gateway to a bazaar.
 41329 | Bazaar   | Entered a bazaar
 41329 | Bazaar   | Found Irirchu's Distillery.
 41329 | Bazaar   | Found Taudghipt's Antique Weapon Shop.
 41358 | Bazaar   | Found Maseov's Antique Armour Shop.
 41398 | Bazaar   | Bought a potion of heal wounds for 45 gold pieces
 41398 | Bazaar   | Bought a potion of curing for 27 gold pieces
 41398 | Bazaar   | Bought a potion of curing for 27 gold pieces
 41398 | Bazaar   | Bought 2 potions of mutation for 144 gold pieces
 41398 | Bazaar   | Bought a potion of lignification for 27 gold pieces
 41398 | Bazaar   | Bought a potion of haste for 90 gold pieces
 41398 | Bazaar   | Bought a potion of mutation for 72 gold pieces
 41412 | Bazaar   | Bought a runed scarf for 128 gold pieces
 41412 | Bazaar   | Bought the +3 pair of mountain boots {steadfast, rC+} for
                  | 536 gold pieces
 41412 | Bazaar   | Found the +3 pair of mountain boots {steadfast, rC+}
 41804 | Elf:3    | Identified the +9 chain mail of Spite {Rampage rF- rN+
                  | rCorr Dex+2}
 41828 | Elf:3    | Reached XP level 21. HP: 148/178 MP: 30/30
 42003 | Elf:3    | Identified the ring "Xoar" {Fly rPois rC++ Int+2}
 42141 | Elf:3    | Identified the +8 hand axe "Uschopir" {speed, Str+4 Int+5}
 42141 | Elf:3    | Identified the +3 long sword of Destiny {freeze, Dex+5}
 42141 | Elf:3    | Identified the ring "Hushooxuve" {rElec rPois rF+}
 42288 | Elf:3    | Noticed Bai Suzhen
 42310 | Elf:3    | Killed Bai Suzhen
 42747 | Elf:3    | Identified the +6 hand axe of the Scavenger {pain, rC+ rN+
                  | Int+2 Stlth+}
 42964 | Elf:3    | Got Zooha's Guide on Freezing Maleficent Secrets
 42969 | Elf:3    | Got the Folio of Terror
 42974 | Elf:3    | Identified the +2 triple crossbow "Cuuroph" {flame, Int+4}
 43301 | Elf:3    | Found Hopuwirr's Book Emporium.
 43370 | Elf:3    | Found Dilix's Antique Weapon Emporium.
 44339 | Elf:2    | Reached skill level 5 in Translocations
 45047 | Vaults:2 | Killed Margery
 45598 | Vaults:3 | Found a staircase to the Crypt.
 45598 | Vaults:3 | Found an ancient bone altar of Kikubaaqudgha.
 45599 | Vaults:3 | Found a basalt altar of Yredelemnul.
 46028 | Vaults:3 | Found Jato Gau's Assorted Antiques.
 46036 | Vaults:3 | Bought a potion of might for 172 gold pieces
 46036 | Vaults:3 | Bought a wand of mindburst (5) for 301 gold pieces
 46036 | Vaults:3 | Bought an encrusted rapier for 387 gold pieces
 46036 | Vaults:3 | Identified the +6 rapier "Xecsanip" {drain, *Slow Str+3
                  | Int+5} (You bought it in a shop on level 3 of the Vaults)
 46036 | Vaults:3 | Bought a potion of mutation for 344 gold pieces
 46420 | Vaults:3 | Reached XP level 22. HP: 172/188 MP: 31/31
 46434 | Vaults:3 | Reached skill level 20 in Evocations
 47062 | Vaults:4 | Paralysed by a formless jellyfish for 1 turns
 47850 | Vaults:4 | Noticed Zenata
 47858 | Vaults:4 | Killed Zenata
 48206 | Vaults:4 | Found Qageux's Antique Weapon Shoppe.
 48214 | Vaults:4 | Bought an iridescent long sword for 297 gold pieces
 48214 | Vaults:4 | Identified the +1 long sword of the Ageless Nights {freeze,
                  | *Noise rPois Int+7} (You bought it in a shop on level 4 of
                  | the Vaults)
 48446 | Vaults:4 | Reached skill level 5 in Spellcasting
 48808 | Vaults:5 | Entered Level 5 of the Vaults
 49191 | Vaults:5 | Identified the +0 plate armour of the Sharing Gods {+Inv
                  | rElec}
 49249 | Vaults:5 | Your ally Norris died
 49334 | Vaults:5 | Identified the ring "Panitteo" {rF+ rC+ Dex+2}
 49442 | Vaults:5 | Identified the +3 morningstar of Ocyutyu {flame, rElec
                  | rC+++ rN+ Int-3}
 49972 | Vaults:5 | Learned a level 1 spell: Apportation
 49977 | Vaults:5 | Learned a level 4 spell: Passage of Golubria
 50017 | Vaults:5 | Reached XP level 23. HP: 156/196 MP: 15/32
 50182 | Vaults:5 | Got the Elucidation of Remains and the Tropics
 50233 | Vaults:5 | Reached skill level 10 in Translocations
 51017 | Vaults:5 | Got a silver rune of Zot
 51239 | Vaults:5 | Noticed a golden dragon
 51243 | Vaults:5 | Killed a golden dragon
 51547 | Vaults:5 | Got the Compendium of the Soldier
 51990 | Depths:1 | Entered Level 1 of the Depths
 52258 | Depths:1 | Noticed a caustic shrike
 52271 | Depths:1 | Killed a caustic shrike
 52277 | Depths:1 | Noticed a caustic shrike
 52286 | Depths:1 | Killed a caustic shrike
 52404 | Depths:1 | Reached XP level 24. HP: 204/204 MP: 33/33
 52612 | Depths:1 | Reached skill level 21 in Evocations
 52745 | Depths:1 | Found a sparkling altar of Nemelex Xobeh.
 53249 | Depths:1 | Found a gateway to Hell.
 53373 | Depths:1 | Found a one-way gate leading to the halls of Pandemonium.
 53919 | Depths:2 | Reached XP level 25. HP: 210/210 MP: 10/33
 54624 | Depths:3 | Reached skill level 22 in Evocations
 55635 | Depths:3 | Found a one-way gate to the infinite horrors of the Abyss.
 55752 | Depths:4 | Entered Level 4 of the Depths
 55752 | Depths:4 | Identified the ring "Qyodu" {Ice Int+3 Slay+2}
 55752 | Depths:4 | Noticed Josephina
 55821 | Depths:3 | Reached skill level 1 in Necromancy
 55942 | Depths:3 | Found a one-way gateway to a ziggurat.
 57340 | Depths:2 | Reached skill level 5 in Necromancy
 57464 | Depths:2 | Found a runed translucent gate.
 57464 | Depths:2 | Found a runed translucent gate.
 57464 | Depths:2 | Found a runed translucent gate.
 57767 | Depths:2 | Found a runed translucent gate.
 57767 | Depths:2 | Found a runed translucent gate.
 57778 | Depths:2 | Found a runed translucent gate.
 57782 | Depths:2 | Noticed Afra's ghost (veteran FoHs)
 58114 | Depths:2 | Killed Afra's ghost
 58293 | Depths:2 | Identified the +1 cloak of Stoicism {rC+ Dex+2}
 58508 | Depths:4 | Noticed a juggernaut
 58527 | Depths:4 | Killed a juggernaut
 58959 | Depths:4 | Reached skill level 23 in Evocations
 59621 | Depths:4 | Reached XP level 26. HP: 218/218 MP: 28/33
 59733 | Depths:4 | Reached skill level 24 in Evocations
 60790 | Depths:4 | Identified the amulet "Pijyl" {rF+ Regen+ Str+3 Int+3}
 60916 | Depths:4 | Reached skill level 25 in Evocations
 60985 | Depths:4 | Found a gate to the Realm of Zot.
 61371 | Depths:4 | Killed Josephina
 61916 | Slime:1  | Entered Level 1 of the Pits of Slime
 62173 | Slime:2  | Learned a level 3 spell: Fugue of the Fallen
 62595 | Slime:5  | Entered Level 5 of the Pits of Slime
 62652 | Slime:5  | Noticed the Royal Jelly
 62666 | Slime:5  | Reached skill level 26 in Evocations
 62666 | Slime:5  | Killed the Royal Jelly
 62933 | Slime:5  | Identified the +7 shortbow "Cekki" {heavy, Int+2}
 62937 | Slime:5  | Got a slimy rune of Zot
 62941 | Slime:5  | Identified the +5 flail "Jenuan" {drain, rF- Dex+5 Stlth+}
 62964 | Slime:5  | Got Woigog's Book of the Jinxed Autopsy
 62981 | Slime:5  | Identified the +3 dagger "Sarcophage" {flame, rN+ Str+7}
 64117 | Slime:5  | Reached skill level 10 in Necromancy
 64671 | D:12     | Bought a +2 pair of gloves of strength for 258 gold pieces
 64904 | Zot:1    | Entered Level 1 of the Realm of Zot
 65302 | Zot:1    | Reached skill level 27 in Evocations
 66069 | Zot:2    | Reached skill level 10 in Armour
 66077 | Zot:2    | Reached XP level 27. HP: 203/224 MP: 11/33
 68007 | Zot:3    | Identified the +10 quarterstaff of Lyneciag {flame, rPois
                  | Will- Dex+2 Stlth+}
 68028 | Zot:3    | Noticed an orb of fire
 68052 | Zot:3    | Killed an orb of fire
 69356 | Zot:3    | Gained mutation: You are clumsy. (Dex -2) [a shining eye]
 69358 | Zot:3    | Lost mutation: You are clumsy. (Dex -2) [potion of
                  | mutation]
 69358 | Zot:3    | Gained mutation: You are weak. (Str -2) [potion of
                  | mutation]
 69359 | Zot:3    | Lost mutation: You are weak. (Str -2) [potion of mutation]
 69359 | Zot:3    | Gained mutation: Your mind is acute. (Int +4, Str/Dex -1)
                  | [potion of mutation]
 69359 | Zot:3    | Gained mutation: You expend magic power (3 MP) to
                  | strengthen your wands. [potion of mutation]
 69359 | Zot:3    | Gained mutation: Your mind is very acute. (Int +8, Str/Dex
                  | -2) [potion of mutation]
 69360 | Zot:3    | Lost mutation: Your mind is very acute. (Int +8, Str/Dex
                  | -2) [potion of mutation]
 69360 | Zot:3    | Lost mutation: You expend magic power (3 MP) to strengthen
                  | your wands. [potion of mutation]
 69360 | Zot:3    | Gained mutation: You occasionally lose the ability to drink
                  | potions when taking damage. [potion of mutation]
 69360 | Zot:3    | Gained mutation: Armour fits poorly on your strangely
                  | shaped body. [potion of mutation]
 69361 | Zot:3    | Lost mutation: You occasionally lose the ability to drink
                  | potions when taking damage. [potion of mutation]
 69361 | Zot:3    | Lost mutation: Your mind is acute. (Int +4, Str/Dex -1)
                  | [potion of mutation]
 69361 | Zot:3    | Lost mutation: Armour fits poorly on your strangely shaped
                  | body. [potion of mutation]
 69361 | Zot:3    | Gained mutation: Your body sometimes deteriorates upon
                  | taking damage. [potion of mutation]
 69361 | Zot:3    | Gained mutation: You occasionally lose the ability to read
                  | scrolls when taking damage. [potion of mutation]
 69361 | Zot:3    | Gained mutation: Your muscles are strong. (Str +4, Int/Dex
                  | -1) [potion of mutation]
 69362 | Zot:3    | Lost mutation: Your body sometimes deteriorates upon taking
                  | damage. [potion of mutation]
 69362 | Zot:3    | Lost mutation: You occasionally lose the ability to read
                  | scrolls when taking damage. [potion of mutation]
 69362 | Zot:3    | Gained mutation: You are strong-willed. (Will+) [potion of
                  | mutation]
 69478 | Zot:3    | Lost mutation: Your muscles are strong. (Str +4, Int/Dex
                  | -1) [a shining eye]
 69653 | Zot:3    | Gained mutation: Potions are less effective at restoring
                  | your health. [a shining eye]
 70046 | Zot:4    | Noticed an ancient lich
 70375 | Zot:4    | Found a radiant altar of Vehumet.
 70379 | Zot:4    | Found a transporter.
 70400 | Zot:4    | Noticed an orb of fire
 71106 | Zot:4    | Noticed an orb of fire
 71126 | Zot:4    | Noticed a dread lich
 71148 | Zot:5    | Entered Level 5 of the Realm of Zot
 71905 | Zot:5    | Noticed a dread lich
 71925 | Zot:5    | Killed a dread lich
 71941 | Zot:5    | Noticed an orb of fire
 71945 | Zot:5    | Noticed an orb of fire
 71947 | Zot:5    | Killed an orb of fire
 71950 | Zot:5    | Killed an orb of fire
 71952 | Zot:5    | Noticed an orb of fire
 71970 | Zot:5    | Killed an orb of fire
 71997 | Zot:5    | Reached skill level 5 in Stealth
 72009 | Zot:5    | Reached skill level 10 in Spellcasting
 72034 | Zot:5    | Noticed an orb of fire
 72034 | Zot:5    | Noticed an orb of fire
 72036 | Zot:5    | Noticed an ancient lich
 72041 | Zot:5    | Killed an orb of fire
 72043 | Zot:5    | Killed an ancient lich
 72043 | Zot:5    | Killed an orb of fire
 72046 | Zot:5    | Noticed a dread lich
 72055 | Zot:5    | Noticed a dread lich
 72070 | Zot:5    | Killed a dread lich
 72159 | Zot:5    | Noticed an orb of fire
 72169 | Zot:5    | Killed an orb of fire
 72613 | Zot:5    | Got the Orb of Zot
 73288 | D:$      | Escaped with the Orb!

Illustrated notes

Levels and vault maps discovered:
D:1:      lemuel_arrival_rhombus, layout_loops_ring,
          shapermc_ecumenical_altar_totnotflames, minmay_cut_off
D:2:      layout_basic, basic_altar
D:3:      layout_rooms, serial_shops, shop
D:4:      layout_basic, nicolae_overflow_hidden_temple,
          ebering_ghost_reflecting_pool
D:5:      layout_loops_corners, minmay_temple_entry_offerings,
          minmay_misc_feat_x, serial_library_hellmonk_small_alcove,
          minmay_misc_feat_diagonals, minivault_4, minmay_misc_feat_rows,
          uniq_eustachio
D:6:      layout_basic, zin_scriptorium, kennysheep_little_box,
          eino_tiny_chamber
D:7:      layout_loops_ring, trog_hazing_becter, uniq_jeremiah
D:8:      layout_basic, lemuel_round_altar, gammafunk_temple_overflow_statue,
          uniq_erica, uniq_amaemon
D:9:      layout_small_grid, minmay_lair_entry_grove, enter_bailey_8,
          chequers_jeans, minmay_increasing_density
D:10:     layout_irregular_city, mainiacjoe_overflow_boulevard, uniq_erolcha
D:11:     layout_loops_ring, david_orc_4, uniq_nergalle
D:12:     wad_pebble_path, layout_basic, serial_shops, shop,
          gauntlet_entry_generic
D:13:     layout_loops_corners, serial_shops, nicolae_shop_tiny_waterfront
D:14:     layout_roguey, david_vaults_5, serial_co_window_serial,
          co_window_of_opportunity_a, co_window_paths_a, co_window_corner_a,
          co_window_paths_a, co_window_corner_a, co_window_unsneaky_path_b,
          co_window_cross_2, co_window_corner_ca, co_window_corner_b,
          co_window_sun, co_window_4corner_a, glass_columns_b,
          nicolae_ashenzari_skybound
D:15:     grunt_enter_depths_snipers, layout_stronghold, serial_bayou,
          serial_bayou_lagoon_a, serial_bayou_lake_a, serial_bayou_shore_b,
          serial_bayou_pond_e, nicolae_titane, uniq_rupert, uniq_kirke
Temple:   compressed_dpeg_circular_temple
Lair:1:   layout_long_grid, nicolae_lair_liquid_snakes
Lair:2:   layout_cellular_growth, elwin_shoals_entry_rooms,
          minmay_snake_entry_guardpost_small, uniq_harold
Lair:3:   layout_cave_pods, lemuel_old_faithful
Lair:4:   layout_regular_city, dpeg_slime_entry_enclosed, ebering_ghost_xom,
          beast_lair_carwin_3, lemuel_fruit_tree
Lair:5:   hangedman_lair_caniforms_friends, layout_small_grid, wormcave,
          minivault_24, chequers_serial_rivers_micro_d, minmay_lair_drake_nest,
          uniq_urug
Shoals:1: layout_shoals, uniq_roxanne
Shoals:2: layout_shoals
Shoals:3: layout_shoals, ebering_ghost_rock_garden
Shoals:4: shoals_end_grunt_ice, layout_shoals, uniq_mara
Snake:1:  layout_honeycomb, nicolae_shop_i_like_small_books_too, uniq_aizul,
          uniq_azrael
Snake:2:  layout_onion_interference, minmay_shop_grove, uniq_saint_roka,
          uniq_jorgrun
Snake:3:  minmay_snake_river, layout_grid_shapes, serial_shops, bzr_entry_gold,
          nicolae_integral_box
Snake:4:  grunt_snake_rune_spirals, layout_onion_interference, uniq_vashnia,
          uniq_louise
Slime:1:  layout_caves
Slime:2:  layout_caves, nicolae_slime_getting_an_eyeful
Slime:3:  nicolae_slime_jelly_donut, layout_caves
Slime:4:  layout_caves
Slime:5:  slime_pit_nicolae_block_by_block
Orc:1:    layout_caves, serial_shops, nicolae_shop_competitors_out_of_business,
          guppyfry_library_mini
Orc:2:    kennysheep_orc_mage_school, layout_caves
Elf:1:    nicolae_elf_arrival_fired_up, layout_loops_corners, special_room
          [special_room_orc], nicolae_elf_crossing_hall, uniq_norris
Elf:2:    elven_hall_of_blades_hangedman_original
          [nicolae_blade_entry_antechamber], layout_gridlike, serial_shops,
          shop, nicolae_shop_mannequins, shop
Elf:3:    grunt_elf_hall_spiral, layout_gridlike, serial_shops, bzr_entry_road,
          shop, nicolae_shop_overgrown_old_shop, shop, uniq_bai_suzhen
Vaults:1: serial_library_hellmonk_big_corner, vaults_mumra_minichess,
          hangedman_vaults_pinch, nicolae_vaults_little_ls, v_misc_16,
          ontoclasm_vaults_decontamination, vaults_mumra_hex,
          layout_vaults_big_room
Vaults:2: nicolae_vaults_ninety_degrees, nicolae_vaults_closet_pinwheel_3,
          grunt_vaults_funnel, nicolae_vaults_little_squares_3,
          hangedman_vaults_snaps, nicolae_vaults_closet_pinwheel_1,
          nicolae_vaults_diagonal_hallway_8, nicolae_vaults_three_branches,
          ontoclasm_vaults_ligature, nicolae_vaults_tetromino_Z_2,
          vaults_dpeg_cross, layout_vaults_omnibox, serial_shops,
          nicolae_shop_trees, uniq_nikola, uniq_margery
Vaults:3: nicolae_vaults_shrinking_rooms_2, nicolae_vaults_trapezoid_lopsided_1,
          nicolae_vaults_house_2, vaults_room_door_hall,
          minmay_crypt_entry_necro_gods, v_misc_23, hangedman_vaults_nails,
          hangedman_vaults_corner_blocks, nicolae_vaults_storage_room_water,
          ontoclasm_vaults_pinch, ontoclasm_vaults_loading_screen,
          layout_vaults_ring, serial_shops, shop
Vaults:4: nicolae_vaults_spaceships, nicolae_vaults_lightning_bolt,
          vaults_room_corners, nicolae_vaults_trapezoid_2,
          nicolae_vaults_alarming, nicolae_vaults_shipping_containers_7,
          hangedman_vaults_maws, vaults_room_pool, vaults_mumra_lcd,
          layout_vaults_omnigrid, serial_shops, shop, uniq_zenata
Vaults:5
Depths:1: nicolae_cairo_tiling, layout_honeycomb, old_standard_altar,
          rand_demon_pan_entry_8, hell_entry, hangedman_aviary
Depths:2: minmay_blocking_statues, layout_gridlike, hellmouth_1,
          ploomutoo_gammafunk_ghost_potion_laboratory, pan_entry, serial_glass,
          glass_columns_a, glass_columns_c, glass_columns_a, glass_columns_b
Depths:3: kennysheep_oblong_rooms, layout_gridville, enter_ziggurat_d,
          minmay_misc_feat_tiny, hellmouth_3, abyss_entry_glasseish,
          nicolae_concentric_dashed_squares_wild
Depths:4: lemuel_castle_with_subvaults [lemuel_castle_interior_carwin_3],
          layout_gridville, pf_hell_entry_tar_spiral, nicolae_eternal_life,
          serial_sigils, serial_sigils_hangedman_etch,
          serial_sigils_hangedman_snap, serial_sigils_hangedman_writhe,
          uniq_josephina
Zot:1:    layout_onion_interference
Zot:2:    layout_gridlike
Zot:3:    layout_concentric_octagons, regret_index_zotdec_dark_gr,
          hellmonk_body_bag
Zot:4:    gammafunk_sealed_library, layout_basic
Zot:5:    layout_basic

Skill      XL: |  1  2  3  4  5  6  7  8  9 10 11 12 13 14 15 16 17 18 19 20 21 22 23 24 25 26 27 |
---------------+----------------------------------------------------------------------------------+-----
Stealth        | 1 2 3 6 |  6.3
Fighting       | 2 3 4 6 8 9 11 12 14 15 16 18 19 20 | 20.8
Evocations     | 5 6 8 9 10 12 15 18 19 20 21 23 27 | 27.0
Short Blades   | 1 2 3 4 |  4.0
Invocations    | 1 4 5 7 10 12 13 | 13.0
Dodging        | 1 5 8 9 10 12 14 15 16 17 18 20 | 20.7
Long Blades    | 2 5 6 11 14 15 16 17 18 19 20 | 20.7
Throwing       | 2 |  2.0
Armour         | 4 5 7 8 9 10 14 | 14.0
Translocations | 2 6 9 12 | 12.0
Spellcasting   | 2 4 6 7 10 | 10.5
Necromancy     | 8 10 | 10.0

Action                     |  1- 3 |  4- 6 |  7- 9 | 10-12 | 13-15 | 16-18 | 19-21 | 22-24 | 25-27 || total
---------------------------+-------+-------+-------+-------+-------+-------+-------+-------+-------++-------
  Melee: Dagger            |    91 |   101 |   219 |   474 |   558 |       |       |       |       ||  1443
         Club              |     8 |       |       |       |       |       |       |       |       ||     8
         Short sword       |    37 |       |       |       |       |       |       |       |       ||    37
         Falchion          |       |       |   168 |   505 |   937 |   648 |   725 |       |       ||  2983
         Scimitar          |       |       |       |       |   380 |   695 |  1129 |  1053 |  1493 ||  4750
         Unarmed           |       |       |       |       |     5 |       |       |       |       ||     5
         Hand cannon       |       |       |       |       |       |    19 |       |       |       ||    19
         Demon blade       |       |       |       |       |       |       |       |    64 |  1483 ||  1547
  Throw: Dart              |    37 |     9 |     9 |    28 |     1 |     2 |     2 |       |       ||    88
         Stone             |     8 |       |       |       |       |       |       |       |       ||     8
         Throwing net      |       |       |       |       |     1 |       |       |       |     2 ||     3
         Boomerang         |       |       |       |       |       |       |     3 |       |       ||     3
   Cast: Manifold Assault  |       |       |       |       |       |       |     3 |   180 |   644 ||   827
         Apportation       |       |       |       |       |       |       |       |     2 |     7 ||     9
         Fugue of the Fall |       |       |       |       |       |       |       |       |    14 ||    14
         Passage of Golubr |       |       |       |       |       |       |       |       |     1 ||     1
 Invoke: Light the Black T |       |     1 |     3 |     7 |     9 |     8 |     6 |     4 |    12 ||    50
         Recall Undead Har |       |       |     7 |     6 |     2 |    13 |    30 |    17 |    12 ||    87
         Hurl Torchlight   |       |       |     2 |     6 |     5 |       |     1 |       |       ||    14
         Bind Soul         |       |       |       |       |     2 |     2 |     1 |     1 |     2 ||     8
         Fathomless Shackl |       |       |       |       |     1 |     5 |     3 |       |       ||     9
Ability: Invent Gizmo      |       |       |       |       |       |       |     1 |       |       ||     1
  Evoke: Wand              |     6 |    13 |     4 |    13 |     5 |    44 |    41 |     6 |    13 ||   145
         Phial of floods   |       |       |       |       |     1 |     3 |     2 |     1 |       ||     7
         Lightning rod     |       |       |       |       |       |       |       |     2 |     3 ||     5
         Box of beasts     |       |       |       |       |       |       |       |     2 |     3 ||     5
         Condenser vane    |       |       |       |       |       |       |       |     1 |     4 ||     5
    Use: Scroll            |     2 |     2 |     3 |    13 |    17 |    11 |    17 |     5 |    20 ||    90
         Potion            |     1 |     1 |     3 |     4 |     1 |     8 |     3 |     6 |    22 ||    49
   Stab: Sleeping          |     1 |     2 |     6 |     8 |    14 |     5 |     9 |     5 |     7 ||    57
         Distracted        |       |       |     2 |     9 |    20 |    17 |    18 |    11 |    24 ||   101
         Betrayed ally     |       |       |       |     2 |       |       |       |       |       ||     2
         Confused          |       |       |       |       |     2 |       |     2 |       |       ||     4
         Held in net/web   |       |       |       |       |     5 |       |       |       |       ||     5
         Petrifying        |       |       |       |       |       |    11 |       |       |       ||    11
         Petrified         |       |       |       |       |       |     1 |       |       |       ||     1
         Invisible         |       |       |       |       |       |     3 |       |       |       ||     3
         Paralysed         |       |       |       |       |       |       |    20 |       |       ||    20
 Armour: Leather armour    |    34 |    34 |   122 |   121 |   279 |   302 |       |       |       ||   892
         Steam dragon scal |       |       |    16 |   132 |       |       |       |       |       ||   148
         Robe              |       |       |       |       |   122 |   204 |   486 |   173 |    82 ||  1067
         Skin              |       |       |       |       |    30 |       |       |       |       ||    30
         Ring mail         |       |       |       |       |       |       |       |       |   337 ||   337
  Dodge: Dodged            |    31 |    21 |   121 |   298 |   853 |   752 |   864 |   271 |   638 ||  3849
         Repelled          |     1 |       |     4 |     6 |    10 |    43 |     1 |       |       ||    65

Table legend: (Time is in decaauts)
 A = Elapsed time spent in this place.
 B = Non-inter-level travel time spent in this place.
 C = Inter-level travel time spent in this place.
 D = Time resting spent in this place.
 E = Time spent auto-exploring this place.
 F = Levels seen in this place.
 G = Mean time per level.
                   A        B        C        D        E       F      G
               +--------+--------+--------+--------+--------+-----+--------+
         Total |  72194 |  66197 |   5997 |   6993 |  45231 |  57 | 1266.6 |
       Dungeon |  18579 |  16054 |   2525 |   1092 |  11378 |  15 | 1238.6 |
        Temple |     12 |      7 |      5 |      0 |      0 |   1 |   12.0 |
          Lair |   6107 |   5165 |    942 |    151 |   3877 |   5 | 1221.4 |
        Shoals |   3381 |   3050 |    331 |    126 |   1989 |   4 |  845.2 |
     Snake Pit |   4610 |   4194 |    416 |    485 |   2545 |   4 | 1152.5 |
    Slime Pits |   2547 |   2458 |     89 |    520 |   1640 |   5 |  509.4 |
  Orcish Mines |   1634 |   1372 |    262 |      9 |   1066 |   2 |  817.0 |
   Elven Halls |   6596 |   6445 |    151 |   1577 |   3427 |   3 | 2198.7 |
        Vaults |   9942 |   9549 |    393 |    845 |   6699 |   5 | 1988.4 |
        Depths |   9925 |   9266 |    659 |   1514 |   6333 |   4 | 2481.2 |
           Zot |   7711 |   7492 |    219 |    604 |   5869 |   5 | 1542.2 |
        Bazaar |    269 |    269 |      0 |      0 |    170 |   2 |  134.5 |
        Bailey |    483 |    483 |      0 |     34 |     34 |   1 |  483.0 |
      Gauntlet |    390 |    390 |      0 |     32 |    201 |   1 |  390.0 |
               +--------+--------+--------+--------+--------+-----+--------+

Top non-repeatable levels by time:
Vaults:5: 2975 daAuts
Depths:3: 2955 daAuts
Depths:4: 2881 daAuts
Depths:2: 2402 daAuts
   Elf:1: 2366 daAuts
   Elf:3: 2270 daAuts
Vaults:2: 2129 daAuts
Vaults:4: 2037 daAuts
     D:1: 1996 daAuts
   Zot:2: 1969 daAuts
   Elf:2: 1959 daAuts
   Zot:3: 1957 daAuts
 Slime:5: 1839 daAuts
 Snake:3: 1788 daAuts
  Lair:5: 1692 daAuts
